 Dungeon Crawl Stone Soup version 0.27.0-1-g7a08968 (webtiles) character file.

Game seed: 2035924503100060911

90 Danakh the Sneak (level 4, 0/36 HPs)
             Began as a Demonspawn Delver on Dec 27, 2021.
             Slain by an orc (8 damage)
             ... on level 3 of the Dungeon.
             The game lasted 00:05:40 (2236 turns).

Danakh the Sneak (Demonspawn Delver)                Turns: 2236, Time: 00:05:41

Health: 0/36       AC:  3    Str: 12    XL:     4   Next: 32%
Magic:  4/4        EV: 12    Int: 13    God:
Gold:   112        SH:  0    Dex: 14    Spells: 3/3 levels left

rFire    . . .     SeeInvis .   h - +0 war axe
rCold    . . .     Faith    .   (no shield)
rNeg     . . .     Spirit   .   b - +0 leather armour
rPois    .         Reflect  .   (helmet restricted)
rElec    .         Harm     .   (no cloak)
rCorr    .         Rampage  .   (no gloves)
Will     .....                  (no boots)
Stlth    ++........             (no amulet)
HPRegen  0.12/turn              (no ring)
MPRegen  0.09/turn              (no ring)

@: no status effects
A: antennae 1, hooves 1, foul stench 1
a: no special abilities


You were on level 3 of the Dungeon.
You visited 1 branch of the dungeon, and saw 6 of its levels.

You collected 112 gold pieces.

Inventory:

Hand Weapons
 a - a +0 hand axe
 h - a +0 war axe (weapon)
Armour
 b - a +0 leather armour (worn)
Wands
 g - a wand of digging (3)
Scrolls
 c - 3 scrolls of fog
 d - a scroll of magic mapping
 e - a scroll of fear
 j - a scroll of enchant armour {unknown}
 k - 2 scrolls of teleportation {unknown}
 n - a scroll of identify {unknown}
Potions
 f - a potion of haste
 i - 2 potions of mutation {unknown}
 l - a potion of curing {unknown}
 m - 2 potions of attraction {unknown}
 o - a potion of degeneration {unknown}
 p - a potion of flight {unknown}


   Skills:
 + Level 3.6 Fighting
 * Level 3.2 Axes
 + Level 2.5 Dodging
 - Level 4.5 Stealth


You had 3 spell levels left.
You didn't know any spells.
Your spell library was empty.

Dungeon Overview and Level Annotations

Branches:
Dungeon (6/15)
 Temple: D:4-7

Altars:

Annotations:
D:3 Ijyb


Innate Abilities, Weirdness & Mutations

You have a pair of small antennae on your head.
You have large cloven feet.
You may rarely emit foul miasma when damaged in melee.


Message History

You kill the goblin!
You feel sick.
You feel sick.
You see here a +1 dagger of protection.
You feel sick.
A goblin comes into view. It is wielding a +0 club.
A goblin is nearby!
You are too injured to fight recklessly!
You are too injured to fight recklessly!
You are too injured to fight recklessly!
A goblin and an orc come into view.
You feel sick.
You are no longer poisoned.
The goblin moves out of view.
An orc comes into view. It is wielding a +0 falchion.
The goblin shouts! x2; You hear a shout!
A quokka comes into view.
An orc comes into view. It is wielding a +0 flail.
The orc moves out of view.
The orc shouts!
You hear a shout! x2
An orc comes into view.
It is wielding a +0 trident. 2 goblins and an orc wizard come into view.
The goblin shouts!
The orc shouts!
You hear a shout!
A goblin comes into view. It is wielding a +0 club.
The goblin shouts!
The orc wizard shouts!
You slash the orc!
You kill the orc!
You closely miss the goblin. The goblin hits you with a +0 club.
* * * LOW HITPOINT WARNING * * *
You emit a cloud of foul miasma!
Ijyb the Twisted Goblin comes into view.
She is wielding a +0 dagger and carrying a wand of flame (9).
Ijyb shouts!
You hit the goblin. Your kick misses the goblin.
The goblin is severely wounded.
The goblin is engulfed in dark miasma.
The goblin is poisoned.
You kill the goblin!
You slash the quokka!
You kill the quokka!
The orc hits you with a +0 flail!
You die... ......... ......... ###.. ..g...... ....### .....g.o# ....#.# .g...o# ...... g8og#

..... #§o# ....# #@#
....# #.# .## #...#
#########.#.....
.)######......)........#
.>#...>..#########.##.##
<...###### .# ...## #
...# ..##


You could see Ijyb, an orc wizard, 3 orcs and 4 goblins.

Vanquished Creatures
  Jessica (D:2)
  An adder (D:3)
  A dart slug (D:1)
  2 orcs (D:3)
  A bat (D:2)
  3 endoplasms
  5 giant cockroaches
  4 hobgoblins
  A jackal (D:1)
  9 kobolds
  2 quokkas
  A ball python (D:1)
  5 frilled lizards
  8 goblins
  4 rats
48 creatures vanquished.

Notes
Turn   | Place    | Note
-------+----------+-------------------------------------------
     0 | D:5      | Danakh the Demonspawn Delver began the quest for the Orb.
     0 | D:5      | Reached XP level 1. HP: 18/18 MP: 1/1
     9 | D:5      | Noticed a phantom
   269 | D:5      | Noticed an ogre
   310 | D:4      | Noticed an orc wizard
   542 | D:1      | Gained mutation: You may rarely emit foul miasma when
                  | damaged in melee. [demonic ancestry]
   542 | D:1      | Reached XP level 2. HP: 24/24 MP: 2/2
   927 | D:1      | Gained mutation: You have a pair of small antennae on your
                  | head. [demonic ancestry]
   927 | D:1      | Reached XP level 3. HP: 24/29 MP: 3/3
  1992 | D:2      | Noticed Jessica
  2004 | D:2      | Killed Jessica
  2005 | D:2      | Gained mutation: You have large cloven feet. [demonic
                  | ancestry]
  2005 | D:2      | Reached XP level 4. HP: 18/35 MP: 4/4
  2234 | D:3      | Noticed Ijyb
  2236 | D:3      | Slain by an orc

Illustrated notes

Levels and vault maps discovered:
D:1:      dpeg_arrival_tiny_g, layout_loops_ring, minmay_pentomino_p4
D:2:      layout_loops_ring, uniq_jessica
D:3:      kennysheep_the_goblin_king, layout_rooms,
          mainiacjoe_overflow_tiny_flanked
D:4:      layout_cave_pools, tgw_kikubaaqudgha, grunt_ministairs_9,
          lemuel_old_faithful
D:5:      layout_rooms
D:6:      minmay_polygon_palace, layout_cave_pools, temple_green, serial_shops,
          nicolae_shop_temple_entry_statues_fountains,
          kennysheep_cluttered_room, lightli_minifort

Skill      XL: |  1  2  3 |
---------------+----------+-----
Axes           | 2 3 |  3.2
Dodging        | 2 |  2.5
Fighting       | |  3.6
Stealth        | |  4.5

Action                   |  1- 3 |  4- 6 || total
-------------------------+-------+-------++-------
Melee: War axe           |   105 |    10 ||   115
       Kick              |       |     1 ||     1
 Stab: Sleeping          |     9 |       ||     9
Armor: Leather armour    |    34 |       ||    34
Dodge: Dodged            |    51 |     6 ||    57
